 Dungeon Crawl Stone Soup version 0.18-a0-946-g3ac5b32 (webtiles) character file.

0 Gorice the Grasshopper (level 1, 0/9 HPs)
             Began as a Felid Wanderer on Dec 29, 2015.
             Slain by a goblin (4 damage)
             ... on level 1 of the Dungeon.
             The game lasted 00:01:02 (35 turns).

Gorice the Grasshopper (Felid Wanderer)               Turns: 35, Time: 00:01:02

Health: 0/9        AC:  1    Str:  7    XL:     1   Next: 8%
Magic:  3/3        EV: 15    Int: 13    God:
Gold:   0          SH:  0    Dex: 16    Spells: 1 memorised, 1 level left
                                        Lives:  0   Deaths: 0

rFire  . . .     SeeInvis +       - Unarmed
rCold  . . .     Gourm    .     (armour unavailable)
rNeg   . . .     Faith    .     (shield unavailable)
rPois  .         Spirit   .     (helmet unavailable)
rElec  .         Dismiss  .     (cloak unavailable)
rCorr  .         Reflect  .     (gloves unavailable)
SustAt .         Harm     .     (boots unavailable)
MR     .....                    (no amulet)
Stlth  ++........               (no ring)
                                (no ring)

@: quick, not resistant to hostile enchantments, unstealthy
A: no armour, no weapons or thrown items, claws 1, fangs 3, see invisible,
carnivore 3, speed 1, shaggy fur 1, slow metabolism 1, sharp paws
a: no special abilities


You were on level 1 of the Dungeon.
You were not hungry.

You visited 1 branch of the dungeon, and saw 1 of its levels.

Inventory:

Scrolls
 c - a scroll of teleportation {!r}
Potions
 b - a potion of lignification {!q}
Books
 a - a book of Minor Magic
Comestibles
 d - a meat ration {!e}


   Skills:
 - Level 2.0 Fighting
 - Level 1.3 Stealth
 - Level 3.0 Unarmed Combat
 + Level 1.0 Spellcasting
 * Level 0.0 Conjurations
   Level 3.0 Translocations
   Level 1.1 Evocations


You had one spell level left.
You knew the following spells:

 Your Spells              Type           Power        Failure   Level  Hunger
a - Magic Dart            Conj           #...         30%         1    ##.....


Dungeon Overview and Level Annotations

Branches:
Dungeon (1/15)

Altars:


Innate Abilities, Weirdness & Mutations

You cannot wear armour.
You are incapable of wielding weapons or throwing items.
You have sharp claws.
You have razor-sharp teeth.
You have supernaturally acute eyesight.
You are carnivorous and can eat meat at any time.
You cover ground quickly.
You are covered in fur (AC +1).
You have a slow metabolism.
Your sharp claws are effective at attacking unaware monsters.


Message History

Welcome, Gorice the Felid Wanderer.
Will you be the one to retrieve the fabulous Orb of Zot from the depths?
Press ? for a list of commands and other information.
Found a scroll labeled BAIRIJ VOTHUFI.
Found a staircase leading out of the dungeon.
Unknown command.
Memorise Magic Dart, consuming 1 spell level and leaving 1?
You start memorising the spell.
You continue memorising.
You finish memorising.
Spell assigned to 'a'.
You aren't carrying any items that can be evoked.
A goblin and a gnoll come into view.
There is a staircase leading out of the dungeon here.
A rat comes into view.
The rat barely misses you.
You claw the rat!
You kill the rat!
The goblin shouts!
You closely miss the goblin. The goblin hits you.
Damage: 2 (max 2)
The gnoll shouts!
You scratch the goblin.
The goblin is moderately wounded.
The goblin misses you.
You scratch the goblin.
The goblin is severely wounded.
The goblin hits you.
Damage: 1 (max 2)
You scratch the goblin. Your bite misses the goblin.
The goblin is almost dead.
The goblin misses you.
Found 2 scrolls labeled BAIRIJ VOTHUFI.
The goblin hits you.
Damage: 2 (max 2)
You closely miss the goblin.
The goblin is severely wounded.
The goblin hits you.
You die...

...........# #?#
.#.<.#..#... #.#
...........## #.#
.#.#.#.#?...# #.#
...........## #.#
.#....#.....# #.#
...#......g## ##.#
.....#......#.##.#
...........##.##@#
#.#.#.#.#.#...##g#
###########.####.#
#.........#
#.######### .. #.
#


You could see a goblin.

Vanquished Creatures
  A rat (D:1)
1 creature vanquished.

Notes
Turn   | Place    | Note
--------------------------------------------------------------
     0 | D:1      | Gorice the Felid Wanderer began the quest for the Orb.
     0 | D:1      | Gorice set off with: a book of Minor Magic, a potion of lignification {!q}, a scroll of teleportation {!r}, a meat ration {!e}
     0 | D:1      | Reached XP level 1. HP: 9/9 MP: 3/3
     2 | D:1      | Learned a level 1 spell: Magic Dart
    35 | D:1      | Slain by a goblin

Vault maps used:
D:1:      co_arrival_square_in_a_square_in_a_square, corner_web_ring,
          minmay_distorted

Action                   || total
-------------------------++-------
Melee: Unarmed           ||     6

Table legend:
 A = Turns spent in this place as a percentage of turns spent in the entire game.
 B = Non-inter-level travel turns spent in this place as a percentage of non-inter-level travel turns spent in the entire game.
 C = Inter-level travel turns spent in this place as a percentage of turns spent in this place.
 D = Turns resting spent in this place as a percentage of non-inter-level travel turns spent in this place.
 E = Turns spent auto-exploring this place as a percentage of non-inter-level travel turns spent in this place.
 F = Non-inter-level travel turns spent in this place divided by the number of levels of this place that you've seen.
                   A       B       C       D       E      F
               +-------+-------+-------+-------+-------+----------------------
         Total | 100.0 | 100.0 |   0.0 |   0.0 |   0.0 |  41.0
       Dungeon | 100.0 | 100.0 |   0.0 |   0.0 |   0.0 |  41.0
               +-------+-------+-------+-------+-------+----------------------

Vault maps used:
D:1:      co_arrival_square_in_a_square_in_a_square, corner_web_ring,
          minmay_distorted
